 Dungeon Crawl Stone Soup version 0.23.0-3-gf3c87f2 (webtiles) character file.

Game seed: 7468434406654548011

36 Hasart the Shield-Bearer (level 3, 0/29 HPs)
             Began as a Formicid Fighter on Feb 21, 2019.
             Succumbed to an adder's poison
             ... on level 2 of the Dungeon.
             The game lasted 00:02:07 (1042 turns).

Hasart the Shield-Bearer (Formicid Fighter)         Turns: 1042, Time: 00:02:09

Health: 0/29       AC:  6    Str: 21    XL:     3   Next: 57%
Magic:  3/3        EV:  8    Int:  7    God:
Gold:   83         SH:  9    Dex: 10    Spells: 2/2 levels left

rFire    . . .     SeeInvis +   a - +0 long sword
rCold    . . .     Gourm    .   c - +0 shield
rNeg     . . .     Faith    .   b - +0 scale mail
rPois    .         Spirit   .   (helmet unavailable)
rElec    .         Reflect  .   (no cloak)
rCorr    .         Harm     .   (no gloves)
MR       .....                  (no boots)
Stlth    ..........             (no amulet)
HPRegen  0.09/turn              (no ring)
MPRegen  0.08/turn              (no ring)

@: lethally poisoned (0 -> -9), flying
A: permanent stasis, dig shafts and tunnels, four strong arms, antennae 3
a: Dig, Shaft Self


You were on level 2 of the Dungeon.
You were not hungry.

You visited 1 branch of the dungeon, and saw 2 of its levels.

You collected 83 gold pieces.

Inventory:

Hand Weapons
 a - a +0 long sword (weapon)
Armour
 b - a +0 scale mail (worn)
 c - a +0 shield (worn)
Jewellery
 k - an uncursed ring of ice {unknown}
Scrolls
 e - a scroll of blinking {unknown}
 h - 2 scrolls of fog {unknown}
 i - a scroll of teleportation {unknown}
 j - a scroll of identify {unknown}
Potions
 d - a potion of might
 l - a potion of flight
Comestibles
 f - 4 rations
 g - 5 chunks of flesh


   Skills:
 + Level 3.6 Fighting
 * Level 2.7 Long Blades
 + Level 3.6 Armour
 + Level 4.0 Shields


You had 2 spell levels left.
You didn't know any spells.
Your spell library was empty.

Dungeon Overview and Level Annotations

Branches:
Dungeon (2/15)

Altars:


Innate Abilities, Weirdness & Mutations

You cannot be hasted, slowed, berserked, paralysed or teleported.
You can dig through walls and to a lower floor.
Your four strong arms can wield two-handed weapons with a shield.
You have a pair of large antennae on your head. (SInv)


Message History

Unknown command.
You block the adder's attack. The worker ant closely misses you.
You riposte.
You barely miss the worker ant.
The worker ant is heavily wounded.
* * * LOW HITPOINT WARNING * * *
You feel sick.
* * * LOW HITPOINT WARNING * * *
You feel sick.
There is an open door here.
You block the adder's attack.
It was a potion of flight.
You feel very buoyant.
You fly up into the air.
* * * LOW HITPOINT WARNING * * *
You feel sick. The adder bites you.
* * * LOW HITPOINT WARNING * * *
You are more poisoned.
The adder poisons you!
You closely miss the adder.
You die...

......#### .# ..
#...............# .##...
#...............##......
#.......................
#.......................
#....(..................
#.........###.a###.#####
#.........####S###+###
#..............@.....#
## ..
#....................#
##. ..
#......รท.............#
#.. #.
#....................#
#..##.
#....................#
#.....
#########.............#
#...#.
......................#
#...#.
......................#
#.....
......................#
#.#.#.


You could see a worker ant and an adder.

Vanquished Creatures
  A worm (D:2)
  A ball python (D:2)
  3 giant cockroaches (D:1)
  5 goblins
  6 hobgoblins
  3 jackals (D:1)
  A kobold (D:1)
  5 bats
  A frilled lizard (D:1)
  2 rats
28 creatures vanquished.

Notes
Turn   | Place    | Note
-------+----------+-------------------------------------------
     0 | D:1      | Hasart the Formicid Fighter began the quest for the Orb.
     0 | D:1      | Reached XP level 1. HP: 18/18 MP: 1/1
   120 | D:1      | Reached XP level 2. HP: 24/24 MP: 2/2
   411 | D:1      | Reached XP level 3. HP: 25/29 MP: 3/3
   941 | D:2      | Reached skill level 4 in Shields
  1041 | D:2      | HP: 1/29 [adder (3)]
  1042 | D:2      | Succumbed to an adder's poison

Skill      XL: |  1  2  3 |
---------------+----------+-----
Shields        | 4 |  4.0
Fighting       | |  3.6
Long Blades    | |  2.7
Armour         | |  3.6

Action                   || total
-------------------------++-------
Melee: Long sword        ||   122
  Use: Potion            ||     1
  Eat: Chunk             ||     1
Armor: Scale mail        ||    50
Dodge: Dodged            ||    53
Block: Shield            ||    76
       Rpst.: Long sword ||    21
